 Dungeon Crawl Stone Soup version 0.22-a0-425-g89d60a1 (webtiles) character file.

63 KristoblXynda the Chopper (level 3, -1/32 HPs)
             Began as a Deep Dwarf Gladiator on May 24, 2018.
             Slain by a jackal (2 damage)
             ... on level 2 of the Dungeon.
             The game lasted 00:02:53 (1542 turns).

KristoblXynda the Chopper (Deep Dwarf Gladiator)    Turns: 1542, Time: 00:02:54

Health: -1/32      AC:  7    Str: 18    XL:     3   Next: 87%
Magic:  7/12       EV: 12    Int:  8    God:
Gold:   58         SH:  0    Dex: 14    Spells: 2/2 levels left

rFire    . . .     SeeInvis .   a - +0 war axe
rCold    . . .     Gourm    .   (no shield)
rNeg     . . .     Faith    .   q - +0 ring mail
rPois    .         Spirit   .   c - +0 helmet
rElec    .         Reflect  .   (no cloak)
rCorr    .         Harm     .   h - +0 pair of gloves
MR       .....                  (no boots)
Stlth    +.........             (no amulet)
HPRegen  0.00/turn              e - ring of magical power
MPRegen  0.13/turn              (no ring)

@: non-regenerating
A: damage resistance, heal wounds, sense surroundings 1, no regeneration
a: Heal Wounds


You were on level 2 of the Dungeon.
You were not hungry.

You visited 1 branch of the dungeon, and saw 2 of its levels.

You collected 58 gold pieces.

Inventory:

Hand Weapons
 a - a +0 war axe (weapon)
Missiles
 d - 3 throwing nets (quivered)
Armour
 c - a +0 helmet (worn)
 h - a +0 pair of gloves (worn)
 q - a +0 ring mail (worn)
Jewellery
 e - a ring of magical power (left hand)
Scrolls
 i - a scroll of amnesia {unknown}
 j - a scroll of enchant weapon {unknown}
 l - a scroll of immolation {unknown}
 n - a scroll of blinking {unknown}
 o - 2 scrolls of magic mapping {unknown}
Potions
 g - a potion of mutation
 k - a potion of haste
 m - a potion of curing {unknown}


   Skills:
 - Level 1.7 Fighting
 * Level 4.4 Axes
 - Level 2.0 Throwing
 + Level 1.4 Armour
 + Level 3.8 Dodging


You had 2 spell levels left.
You didn't know any spells.
Your spell library was empty.

Dungeon Overview and Level Annotations

Branches:
Dungeon (2/15)

Altars:


Innate Abilities, Weirdness & Mutations

You are resistant to damage.
You can heal yourself by infusing magical energy.
You passively map a small area around you.
You do not regenerate.


Message History

The bat hits you but does no damage.
You slash the bat!
You kill the bat!
You see here a bat corpse.
Found a robe.
Found a stone staircase leading up.
Found a ring mail.
Found a stone staircase leading down.
There is a stone staircase leading down here.
There is a stone staircase leading up here. 2 jackals come into view.
The jackal barks! x2
There are monsters nearby!
There are monsters nearby!
A jackal comes into view.
The jackal barks!
You barely miss the jackal.
The jackal bites you but does no damage.
You barely miss the jackal. You hit the jackal but do no damage.
The jackal bites you.
You die...

##** #...############
## ......h@.....[..
.#
...h###h####.####.###
. *, #<####.###..[.#
* , #..........# # *,
###.......## ># * *
#.##.##..#..### ,
#.##.##........ *
#.#####.##.##†###.###
#..........##.# ..,


You could see 3 jackals.

Vanquished Creatures
  2 dart slugs (D:1)
  2 leopard geckos
  7 bats
  5 giant cockroaches
  7 goblins
  2 hobgoblins (D:1)
  10 jackals (D:1)
  A ball python (D:1)
  2 frilled lizards (D:1)
  5 kobolds
  6 rats
49 creatures vanquished.

Notes
Turn   | Place    | Note
-------+----------+-------------------------------------------
     0 | D:1      | KristoblXynda the Deep Dwarf Gladiator began the quest for the Orb.
     0 | D:1      | Reached XP level 1. HP: 19/19 MP: 1/1
    24 | D:1      | Reached XP level 2. HP: 21/26 MP: 2/2
    83 | D:1      | Reached skill level 4 in Axes
   148 | D:1      | Reached XP level 3. HP: 25/32 MP: 3/3
   545 | D:1      | Reached skill level 1 in Armour
  1062 | D:2      | HP: 1/32 [giant cockroach (1)]
  1542 | D:2      | Slain by a jackal

Vault maps used:
D:1:      minmay_arrival_four_houses

Skill      XL: |  1  2  3 |
---------------+----------+-----
Throwing       | 2 |  2.0
Axes           | 4 |  4.4
Armour         | 1 |  1.4
Fighting       | |  1.7
Dodging        | |  3.8

Action                   || total
-------------------------++-------
Melee: War axe           ||   135
  Use: Scroll            ||     2
 Stab: Sleeping          ||     1
  Eat: Ration            ||     1
       Chunk             ||     1
Armor: Leather armour    ||    53
       Ring mail         ||     8
Dodge: Dodged            ||   141

Table legend:
 A = Spawn XP
 B = Non-spawn XP
 C = Spawn XP percentage of total XP
 D = Spawn monster count
 E = Non-spawn monster count
 F = Spawn count percentage of total count
 G = Total turns spent on level
                    A         B        C        D         E        F      G
               +---------+---------+-------+---------+---------+-------+---------
         Total |       0 |      90 |   0.0 |       0 |      49 |   0.0 |  1542
               +---------+---------+-------+---------+---------+-------+---------
           D:1 |       0 |      69 |   0.0 |       0 |      38 |   0.0 |  1050
           D:2 |       0 |      21 |   0.0 |       0 |      11 |   0.0 |   492
               +---------+---------+-------+---------+---------+-------+---------
